 Dungeon Crawl Stone Soup version 0.21.1-1-g345015f (webtiles) character file.

29311 twistedcrescendo the Warrior (level 13, -4/128 HPs)
             Began as a Minotaur Berserker on June 28, 2018.
             Was the Champion of Trog.
             Slain by an orc high priest
             ... wielding a +0 trident
              (13 damage)
             ... on level 2 of the Orcish Mines on June 29, 2018.
             The game lasted 01:22:38 (12876 turns).

twistedcrescendo the Warrior (Minotaur Berserker)  Turns: 12876, Time: 01:22:39

Health: -4/128     AC:  1    Str: 23    XL:     13   Next: 14%
Magic:  12/12      EV: 14    Int:  4    God:    Trog [******]
Gold:   1084       SH:  0    Dex: 17    Spells: 12/12 levels left

rFire    + . .     SeeInvis .   G - +0 whip (elec)
rCold    + . .     Gourm    .   (no shield)
rNeg     . . .     Faith    .   J - +1 plate armour {rC+}
rPois    .         Spirit   .   (helmet restricted)
rElec    .         Reflect  .   B - scarf {repulsion}
rCorr    .         Harm     .   D - +2 pair of gloves
MR       .....                  K - +0 pair of boots
Stlth    ..........             (no amulet)
HPRegen  0.31/turn              r - ring of stealth
MPRegen  0.13/turn              i - +3 ring of dexterity

@: corroded, berserk cooldown, slowed, repel missiles, very slow
A: retaliatory headbutt, horns 2, fire resistance 1, mutation resistance 1
a: Berserk, Trog's Hand, Brothers in Arms, Burn Spellbooks, Renounce Religion


You were on level 2 of the Orcish Mines.
You worshipped Trog.
Trog was exalted by your worship.
You were very hungry.

You visited 2 branches of the dungeon, and saw 12 of its levels.

You collected 1084 gold pieces.

Inventory:

Hand Weapons
 w - a +2 quarterstaff of chaos
 z - a +4 great mace of protection
 G - a +0 whip of electrocution (weapon)
 Q - a +0 broad axe
Armour
 x - a +1 cloak
 B - a scarf of repulsion (worn)
 D - a +2 pair of gloves (worn)
 E - a +1 scale mail of positive energy
 J - a +1 plate armour of cold resistance (worn)
 K - a +0 pair of boots (worn)
 M - a +0 plate armour
Jewellery
 b - an uncursed ring of magical power
 h - an uncursed amulet of magic regeneration
 i - a +3 ring of dexterity (right hand)
 l - a cursed amulet of inaccuracy {unknown}
 r - a ring of stealth (left hand)
Wands
 v - a wand of clouds (5)
 I - a wand of iceblast (17)
 L - a wand of flame (43)
 S - a wand of paralysis (9)
Scrolls
 d - 3 scrolls of magic mapping
 e - a scroll of blinking {unknown}
 g - 3 scrolls of immolation {unknown}
 j - 3 scrolls of enchant weapon {unknown}
 k - 6 scrolls of teleportation
 s - a scroll of enchant armour {unknown}
 u - 2 scrolls of identify
 y - 3 scrolls of fear {unknown}
 A - 4 scrolls of remove curse
 H - 2 scrolls of amnesia {unknown}
 N - a scroll of fog {unknown}
Potions
 a - 2 potions of flight {unknown}
 m - 2 potions of mutation
 n - 6 potions of curing
 o - a potion of degeneration {unknown}
 p - 2 potions of invisibility {unknown}
 q - 3 potions of heal wounds
 t - a potion of might {unknown}
 C - a potion of haste {unknown}
 F - a potion of ambrosia {unknown}
 T - a potion of cancellation {unknown}
Books
 O - a book of Flames

   Spells                             Type                      Level
   a - Flame Tongue                   Conjuration/Fire             1
   b - Throw Flame                    Conjuration/Fire             2
   c - Conjure Flame                  Conjuration/Fire             3
   d - Inner Flame                    Hexes/Fire                   3
   e - Sticky Flame                   Conjuration/Fire             4
   f - Fireball                       Conjuration/Fire             5
   Trog disapproves of the use of such an item.
 P - the Reference Book on Transformation
   (You found it on level 2 of the Orcish Mines)

   Spells                             Type                      Level
   a - Ignite Poison                  Fire/Transmutation/Poison    3
   b - Hydra Form                     Transmutation                6
   Trog disapproves of the use of such an item.
 R - a book of Flames

   Spells                             Type                      Level
   a - Flame Tongue                   Conjuration/Fire             1
   b - Throw Flame                    Conjuration/Fire             2
   c - Conjure Flame                  Conjuration/Fire             3
   d - Inner Flame                    Hexes/Fire                   3
   e - Sticky Flame                   Conjuration/Fire             4
   f - Fireball                       Conjuration/Fire             5
   Trog disapproves of the use of such an item.
Comestibles
 c - 26 rations
 f - 4 chunks of flesh


   Skills:
 - Level 15.7 Fighting
 - Level 12.2 Maces & Flails
 + Level 12.7 Armour
 + Level 11.8 Dodging


You had 12 spell levels left.
You didn't know any spells.

Dungeon Overview and Level Annotations

Branches:
Dungeon (10/15)            Temple (0/1) D:7            Lair (0/6) D:9
    Orc (2/2) D:10            Elf (0/3) Orc:2

Altars:
Cheibriados
Fedhas
Hepliaklqana
Kikubaaqudgha
Qazlal
Vehumet
Xom
Yredelemnul
Zin
Beogh

Shops:
D:8 [   D:10 =   Orc:2 *%(


Innate Abilities, Weirdness & Mutations

You reflexively headbutt those who attack you in melee.
You have a pair of horns on your head.
Your flesh is heat resistant. (rF+)
You are somewhat resistant to further mutation.


Message History

The sixfirhy disappears in a puff of smoke!
The rust devil disappears in a puff of smoke!
The orc priest mumbles some strange prayers to Beogh against you.
Beogh smites you!
* * * LOW HITPOINT WARNING * * *
The orc priest calls upon Beogh to heal the orc high priest.
The orc high priest is healed somewhat.
The orc priest begins to cast a cantrip, but forgets the words!
You feel much better.
The orc high priest hits you from afar with a trident!
* * * LOW HITPOINT WARNING * * *
The orc priest hits you from afar with a trident.
* * * LOW HITPOINT WARNING * * *
The orc high priest hits you from afar with a trident.
* * * LOW HITPOINT WARNING * * *
The orc priest invokes the aid of Beogh against you.
Beogh smites you!
* * * LOW HITPOINT WARNING * * *
The orc high priest hits you from afar with a trident!
You die...

..###.###'#####.##....#.....*****
###.............##...##.....* #
#.##)##....#####o..#.....#*
###.#)..#....#..##..##.....#*****
....#.(.#....'..#.o.#......#*,,,*
###.#####.####..#4o(.†....#*,,,,,
..#..........####ooo.....##,,,8,,
..#.....####.####.8o..8...8.,,,,,
..#..⌠..#..#.)).@o.........o,,_,,
###.....#.)).####.8...8...8o,,,,,
........#..#)####........##.,,8,,
#.#####.####.#.(#.........#*,,,,,
..#.[.#.)....'..#...#......#*,,,*
..#.).#.#....#..##..##.....#*****
..##'##.#....#####...*.....**
.....)..#.......##...#*...,,*
#'###.###'#####.#*,,,,*,,,,,*****


You could see an orc high priest, a chaos spawn, 2 orc warriors, 2 orc priests
and 3 orcs.

Vanquished Creatures
  Rupert (Orc:2)
  Snorg (Orc:2)
  Harold (D:10)
  Erolcha (D:10)
  10 two-headed ogres
  2 orc high priests (Orc:2)
  Pikel (D:5)
  4 orc sorcerers
  5 orc knights
  Maurice (Orc:2)
  A centaur zombie (D:10)
  2 trolls (Orc:1)
  A hornet (D:8)
  Grinder (D:5)
  2 hippogriffs
  Sigmund (D:3)
  13 yaks
  A wraith (D:10)
  The ghost of sking99 the Chopper, an amateur HOFi (D:4)
  A steam dragon (D:10)
  6 wargs
  Menkaure (D:5)
  33 orc warriors
  An eye of draining (D:10)
  A black bear (D:7)
  A sky beast (D:9)
  3 ice beasts
  A hornet zombie (D:8)
  10 ogres
  A necrophage (D:7)
  The ghost of RottenKnight the Conjurer, an amateur DrCj (D:3)
  4 centaurs
  A crocodile (D:9)
  3 big kobolds
  Blork the orc (D:4)
  4 bullfrogs
  A scorpion (D:9)
  12 wights
  2 howler monkeys
  2 crimson imps
  5 hounds
  A quasit (D:10)
  19 orc priests
  6 jellies
  4 iguanas
  12 orc wizards
  Crazy Yiuf (D:3)
  6 worker ants
  A killer bee zombie (D:5)
  A hound zombie (D:10)
  A hound skeleton (D:10)
  A howler monkey zombie (D:8)
  A worker ant zombie (D:8)
  4 gnolls (D:6)
  3 adders
  3 shadow imps
  2 oozes
  2 adder skeletons (D:2)
  3 worms
  4 dart slugs
  8 leopard geckos
  107 orcs
  7 bats
  8 giant cockroaches
  A goblin (D:1)
  5 hobgoblins
  7 jackals
  17 kobolds
  3 quokkas
  A ball python (D:2)
  5 frilled lizards
  A giant cockroach zombie (D:6)
  A leopard gecko skeleton (D:4)
  A leopard gecko zombie (D:5)
  10 rats
402 creatures vanquished.

Vanquished Creatures (others)
  A centaur (D:5)
  A jelly (D:5)
  An orc priest (D:5)
  A dart slug (D:5)
4 creatures vanquished.

Grand Total: 406 creatures vanquished

Notes
Turn   | Place    | Note
-------+----------+-------------------------------------------
     0 | D:1      | twistedcrescendo the Minotaur Berserker began the quest for the Orb.
     0 | D:1      | Reached XP level 1. HP: 19/19 MP: 0/0
   259 | D:1      | Reached XP level 2. HP: 24/27 MP: 1/1
   262 | D:1      | Reached skill level 4 in Fighting
   781 | D:2      | Found an ancient bone altar of Kikubaaqudgha.
   784 | D:2      | Reached XP level 3. HP: 34/34 MP: 2/2
   791 | D:2      | Found a blossoming altar of Fedhas.
   796 | D:2      | Found a radiant altar of Vehumet.
   993 | D:2      | Reached ** piety under Trog
  1834 | D:3      | Reached skill level 5 in Maces & Flails
  1834 | D:3      | Reached XP level 4. HP: 41/41 MP: 3/3
  1904 | D:3      | Reached skill level 5 in Fighting
  1928 | D:3      | Found a shimmering altar of Xom.
  1928 | D:3      | Found a shimmering altar of Xom.
  1929 | D:3      | Found a shimmering altar of Xom.
  1929 | D:3      | Found a shimmering altar of Xom.
  1930 | D:3      | Found a shimmering altar of Xom.
  1931 | D:3      | Found a shimmering altar of Xom.
  1933 | D:3      | Found a shimmering altar of Xom.
  1939 | D:3      | Noticed Sigmund
  1940 | D:3      | Noticed RottenKnight's ghost (amateur DrCj)
  1955 | D:3      | Killed Sigmund
  1955 | D:3      | Reached XP level 5. HP: 50/50 MP: 4/4
  1955 | D:3      | Reached XP level 6. HP: 57/57 MP: 5/5
  1967 | D:3      | Killed RottenKnight's ghost
  1967 | D:3      | Reached skill level 6 in Fighting
  2238 | D:3      | Found a runed door.
  2404 | D:3      | Found a hazy altar of Hepliaklqana.
  2492 | D:3      | Noticed Crazy Yiuf
  2495 | D:3      | Killed Crazy Yiuf
  2589 | D:4      | Noticed sking99's ghost (amateur HOFi)
  2604 | D:4      | Killed sking99's ghost
  2604 | D:4      | Reached XP level 7. HP: 49/64 MP: 6/6
  2911 | D:4      | Noticed Blork the orc
  2916 | D:4      | Killed Blork the orc
  3337 | D:5      | Entered Level 5 of the Dungeon
  3430 | D:5      | Reached *** piety under Trog
  3430 | D:5      | Reached skill level 7 in Fighting
  3437 | D:5      | Noticed Grinder
  3448 | D:5      | Paralysed by Grinder for 7 turns
  3462 | D:5      | Killed Grinder
  3480 | D:5      | Found a snail-covered altar of Cheibriados.
  3610 | D:5      | Found a shimmering altar of Xom.
  3613 | D:5      | Found a basalt altar of Yredelemnul.
  3645 | D:5      | Noticed Pikel
  3682 | D:5      | Killed Pikel
  3682 | D:5      | Reached skill level 8 in Fighting
  3682 | D:5      | Reached skill level 10 in Maces & Flails
  3682 | D:5      | Reached XP level 8. HP: 20/74 MP: 7/7
  4094 | D:5      | Noticed Menkaure
  4101 | D:5      | Killed Menkaure
  4614 | D:6      | Reached skill level 9 in Fighting
  4624 | D:6      | Reached XP level 9. HP: 70/83 MP: 8/8
  4688 | D:6      | Found a glowing silver altar of Zin.
  5521 | D:7      | Found a staircase to the Ecumenical Temple.
  5544 | D:7      | Reached skill level 10 in Fighting
  5557 | D:7      | Reached skill level 11 in Fighting
  5607 | D:7      | Reached **** piety under Trog
  5697 | D:7      | Found a stormy altar of Qazlal.
  6393 | D:8      | Noticed a two-headed ogre
  6411 | D:8      | Killed a two-headed ogre
  6411 | D:8      | Reached skill level 12 in Fighting
  6411 | D:8      | Reached XP level 10. HP: 58/97 MP: 9/9
  6459 | D:8      | Noticed a two-headed ogre
  6484 | D:8      | Killed a two-headed ogre
  6484 | D:8      | Reached skill level 5 in Armour
  6484 | D:8      | Reached skill level 5 in Dodging
  6958 | D:8      | Found Gautt's Armour Emporium.
  7496 | D:9      | Found a staircase to the Lair.
  8055 | D:10     | Entered Level 10 of the Dungeon
  8084 | D:10     | Reached skill level 13 in Fighting
  8136 | D:10     | Found Wiphoxt's Jewellery Shoppe.
  8202 | D:10     | Reached ***** piety under Trog
  8209 | D:10     | Noticed an orc knight
  8234 | D:10     | Killed an orc knight
  8240 | D:10     | Noticed Erolcha
  8267 | D:10     | Reached XP level 11. HP: 80/107 MP: 10/10
  8301 | D:10     | Killed Erolcha
  8367 | D:10     | Noticed an orc knight
  8391 | D:10     | Killed an orc knight
  8395 | D:10     | Noticed a two-headed ogre
  8409 | D:10     | Killed a two-headed ogre
  8448 | D:10     | Found a roughly hewn altar of Beogh.
  8448 | D:10     | Found a staircase to the Orcish Mines.
  8752 | D:10     | Noticed Harold
  8776 | D:10     | Killed Harold
  8790 | D:10     | Noticed a two-headed ogre
  8798 | D:10     | Killed a two-headed ogre
  8852 | D:10     | Reached skill level 14 in Fighting
  8927 | D:10     | Gained mutation: Your flesh is heat resistant. (rF+) [potion of mutation]
  8927 | D:10     | Gained mutation: You are somewhat resistant to further mutation. [potion of mutation]
  9421 | Orc:1    | Entered Level 1 of the Orcish Mines
  9421 | Orc:1    | Noticed an orc sorcerer
  9600 | Orc:1    | Killed an orc sorcerer
 10338 | Orc:2    | Entered Level 2 of the Orcish Mines
 10362 | Orc:2    | Noticed Snorg
 10539 | Orc:2    | Killed Snorg
 10539 | Orc:2    | Reached skill level 10 in Armour
 10539 | Orc:2    | Reached XP level 12. HP: 90/118 MP: 11/11
 10550 | Orc:2    | Noticed a two-headed ogre
 10733 | Orc:2    | Noticed a two-headed ogre
 10740 | Orc:2    | Killed a two-headed ogre
 10742 | Orc:2    | Killed a two-headed ogre
 10802 | Orc:2    | Noticed a two-headed ogre
 10810 | Orc:2    | Killed a two-headed ogre
 10856 | Orc:2    | Reached ****** piety under Trog
 10868 | Orc:2    | Received a gift from Trog
 10883 | Orc:2    | Noticed Rupert
 10902 | Orc:2    | Killed Rupert
 10902 | Orc:2    | Reached skill level 15 in Fighting
 10902 | Orc:2    | Reached skill level 10 in Dodging
 11159 | Orc:2    | Found Joxetott's Assorted Antiques.
 11189 | Orc:2    | Found Temikh's Food Shoppe.
 11262 | Orc:2    | Found a roughly hewn altar of Beogh.
 11709 | Orc:2    | Identified the Reference Book on Transformation
 11763 | Orc:2    | Noticed an orc high priest
 11774 | Orc:2    | Killed an orc high priest
 11837 | Orc:2    | Noticed an orc high priest
 11854 | Orc:2    | Killed an orc high priest
 12105 | Orc:2    | Noticed a two-headed ogre
 12112 | Orc:2    | Killed a two-headed ogre
 12155 | Orc:2    | Noticed a two-headed ogre
 12164 | Orc:2    | Killed a two-headed ogre
 12272 | Orc:2    | Noticed a two-headed ogre
 12282 | Orc:2    | Killed a two-headed ogre
 12282 | Orc:2    | Reached XP level 13. HP: 70/128 MP: 12/12
 12511 | Orc:2    | Found a staircase to the Elven Halls.
 12712 | Orc:2    | Noticed Maurice
 12728 | Orc:2    | Paralysed by Maurice for 3 turns
 12736 | Orc:2    | Killed Maurice
 12840 | Orc:2    | Found Dilolioch's Antique Weapon Shop.
 12876 | Orc:2    | Slain by an orc high priest

Skill      XL: |  1  2  3  4  5  6  7  8  9 10 11 12 |
---------------+-------------------------------------+-----
Fighting       | 4 5 6 8 9 12 13 14 15 | 15.7
Maces & Flails | 4 5 6 8 10 11 12 | 12.2
Armour         | 4 7 10 12 | 12.7
Dodging        | 4 6 9 11 | 11.8

Action                   |  1- 3 |  4- 6 |  7- 9 | 10-12 | 13-15 || total
-------------------------+-------+-------+-------+-------+-------++-------
Melee: Mace              |    83 |    66 |    54 |       |       ||   203
       Headbutt          |    13 |    11 |    51 |   200 |    35 ||   310
       Whip              |       |       |   135 |   719 |   117 ||   971
       Flail             |       |       |    38 |       |       ||    38
       Great mace        |       |       |       |    55 |       ||    55
Invok: Berserk           |       |     3 |     3 |     6 |     2 ||    14
       Trog's Hand       |       |       |     2 |       |       ||     2
  Use: Potion            |       |     1 |       |     2 |     1 ||     4
       Scroll            |       |       |     2 |     7 |       ||     9
 Stab: Sleeping          |     1 |       |       |       |       ||     1
  Eat: Chunk             |     3 |     4 |    15 |    23 |     2 ||    47
       Ration            |       |       |     1 |       |       ||     1
Armor: Animal skin       |    21 |       |       |       |       ||    21
       Ring mail         |     5 |    10 |    15 |       |       ||    30
       Skin              |       |   125 |       |       |       ||   125
       Scale mail        |       |       |    52 |    13 |       ||    65
       Plate armour      |       |       |       |   194 |    33 ||   227
Dodge: Dodged            |    59 |    32 |    96 |   248 |    46 ||   481
       Deflected         |       |       |    10 |     7 |     1 ||    18
